 Dungeon Crawl Stone Soup version 0.27-a0-1359-ga2a4dfd6fd (webtiles) character file.

Game seed: 4451510993368479203

9191 sokol815 the Covert (level 11, -8/69 HPs)
             Began as an Octopode Conjurer on June 29, 2021.
             Was an Initiate of Gozag.
             Mangled by a death yak (21 damage)
             ... on level 9 of the Dungeon.
             The game lasted 00:46:34 (10150 turns).

sokol815 the Covert (Octopode Conjurer)            Turns: 10150, Time: 00:46:35

Health: -8/69      AC:  3    Str:  6    XL:     11   Next: 42%
Magic:  0/17       EV: 15    Int: 26    God:    Gozag
Gold:   327        SH:  0    Dex: 15    Spells: 4/18 levels left

rFire    . . .     SeeInvis .   a - +3 dagger (elec)
rCold    + . .     Faith    .   (no shield)
rNeg     . . .     Spirit   .   n - +2 hat
rPois    .         Reflect  .   e - amulet of magic regeneration
rElec    .         Harm     .   I - +6 ring of intelligence
rCorr    .         Rampage  .   C - ring of protection from cold {rC+, !d}
Will     .....                  (no ring)
Stlth    +++++++...             (no ring)
HPRegen  0.21/turn              (no ring)
MPRegen  0.40/turn              (no ring)
                                (no ring)
                                (no ring)

@: no status effects
A: almost no armour, amphibious, 8 rings, camouflage 1, gelatinous body 1,
(nimble swimmer 1), tentacles
a: Renounce Religion, Potion Petition, Call Merchant, Bribe Branch


You were on level 9 of the Dungeon.
You worshipped Gozag.
Gozag was aware of your devotion.
You visited 2 branches of the dungeon, and saw 10 of its levels.

You collected 1105 gold pieces.
You spent 170 gold pieces at shops.
You paid 608 gold pieces to Gozag.

Inventory:

Hand Weapons
 a - a +3 dagger of electrocution (weapon)
   (You bought it in a shop on level 8 of the Dungeon)
 g - the +6 falchion "Vetof" {vorpal, *Slow rElec rCorr Dex-3}
   (You found it on level 9 of the Dungeon)

   It inflicts extra damage upon your enemies.
   Dex:       It affects your dexterity (-3).
   rElec:     It insulates you from electricity.
   rCorr:     It protects you from acid and corrosion.
   *Slow:     It may slow you when you take damage.
 p - a +1 vorpal hand axe
   (You found it on level 3 of the Dungeon)
 w - a +2 whip of flaming
   (You took it off Pikel on level 7 of the Dungeon)
 y - a +2 dagger of draining
   (You found it on level 5 of the Dungeon)
Missiles
 j - 4 javelins (quivered)
 l - 35 poisoned darts
 m - 145 sling bullets
 q - 82 arrows
 s - 152 stones
 u - 87 bolts
Armour
 d - a +0 kite shield
   (You found it on level 9 of the Dungeon)
 n - a +2 hat (worn)
   (You took it off Gastronok on level 9 of the Dungeon)
Magical Staves
 k - a staff of death {rN+}
   (You found it on level 3 of the Dungeon)
 o - a staff of fire {rF+}
   (You found it on level 3 of the Dungeon)
Jewellery
 c - a ring of ice {rC+, rF-}
   (You took it off a centaur on level 6 of the Dungeon)
 e - an amulet of magic regeneration (around mantle)
   (You found it on level 3 of the Dungeon)
 C - a ring of protection from cold (right tentacle) {rC+, !d}
   (You found it on level 7 of the Dungeon)
 I - a +6 ring of intelligence (left tentacle)
   (You found it on level 2 of the Dungeon)
Wands
 i - a wand of iceblast (7)
   (You found it on level 8 of the Dungeon)
Scrolls
 h - a scroll of amnesia
 D - a scroll of blinking {!r}
 E - a scroll of fear
 K - a scroll of immolation {!r}
 V - 3 scrolls of vulnerability {!r!r}
 X - a scroll of magic mapping {@r4!r}
 Y - a scroll of teleportation {@r3}
Potions
 b - a potion of cancellation {unknown}
 f - a potion of might {unknown}
 B - a potion of brilliance
 H - a potion of haste
 J - a potion of curing {@q1}
 P - 2 potions of lignification {!q}
 T - 2 potions of berserk rage {!q}


   Skills:
 - Level 4.0 Fighting
 - Level 4.6 Dodging
 + Level 14.2 Stealth
 - Level 4.0 Spellcasting
 - Level 10.0 Conjurations
 - Level 6.0 Hexes
 - Level 5.3 Translocations


You had 4 spell levels left.
You knew the following spells:

 Your Spells              Type           Power      Damage    Failure   Level
a - Magic Dart            Conj           100%       1d8       1%          1
b - Searing Ray           Conj           100%       3d7       1%          2
c - Dazzling Flash        Conj/Hex       92%        N/A       1%          3
d - Fulminant Prism       Conj/Hex       23%        3d13      3%          4
x - Iskenderun's Mystic   Conj/Tloc      45%        2d10      3%          4

Your spell library contained the following spells:

 Spells                   Type           Power      Damage    Failure   Level
 Apportation              Tloc           64%        N/A       1%          1
 Corona                   Hex            40%        N/A       1%          1
 Foxfire                  Conj/Fire      100%       2x1d9     1%          1
 Conjure Flame            Conj/Fire      31%        6-21      3%          3
 Inner Flame              Hex/Fire       20%        N/A       8%          3
 Animate Skeleton         Necr           10%        N/A       9%          1
 Beastly Appendage        Tmut           10%        N/A       9%          1
 Pain                     Necr           20%        1d5       9%          1
 Summon Small Mammal      Summ           20%        N/A       9%          1
 Sticky Flame             Conj/Fire      31%        2d5       11%         4
 Wereblood                Tmut           5%         N/A       13%         2
 Spider Form              Tmut/Pois      2%         N/A       26%         3
 Vampiric Draining        Necr           2%         2d6       26%         3
 Animate Dead             Necr           2%         N/A       63%         4
 Ice Form                 Ice/Tmut       5%         N/A       63%         4
 Fireball                 Conj/Fire      15%        3d8       30%         5
 Agony                    Necr           5%         N/A       93%         5


Dungeon Overview and Level Annotations

Branches:
Dungeon (9/15)             Temple (1/1) D:4            Lair (0/6) D:9
    Orc: D:9-12

Altars:
Cheibriados
Fedhas
Gozag
Hepliaklqana
Makhleb
Ru
Sif Muna
Uskayaw
Vehumet
Wu Jian
Yredelemnul
The Shining One

Shops:
D:4 *   D:8 (

Annotations:
D:2 exclusion: great orb of eyes
D:8 exclusion: downstairs


Innate Abilities, Weirdness & Mutations

You cannot wear most types of armour.
You are amphibious.
You can wear up to eight rings at the same time.
Your skin changes colour to match your surroundings (Stealth+).
Your rubbery body absorbs attacks. (AC +1, EV +1)
((You are camouflaged near water. (Stealth+)))
You have tentacles for arms and can constrict up to eight enemies at once.


Message History

The death yak bellows!
A fulminant prism comes into view.
You now have 13/17 mp.
Your fulminant prism crackles loudly.
You hear an explosion!
You hear a bellow!
You conjure a prism of explosive energy!
A fulminant prism comes into view.
You now have 10/17 mp.
Your fulminant prism crackles loudly.
You miscast Fulminant Prism.
You are very lightly contaminated with residual magic.
Nothing appears to happen.
You now have 7/17 mp.
You conjure a prism of explosive energy!
A fulminant prism comes into view.
You now have 4/17 mp.
Your fulminant prism crackles loudly.
The blast of energy engulfs the death yak.
You conjure a prism of explosive energy!
A fulminant prism comes into view.
You now have 1/17 mp.
Your fulminant prism crackles loudly.
The blast of energy engulfs the death yak!!
Your magical contamination has completely faded away.
You conjure a prism of explosive energy!
A fulminant prism comes into view.
You now have 0/17 mp.
Your fulminant prism crackles loudly.
There is an open door here.
The death yak gores your fulminant prism!!
The blast of energy engulfs the death yak!
You conjure a prism of explosive energy!
A fulminant prism comes into view.
You now have 0/17 mp.
Your fulminant prism crackles loudly.
The death yak gores your fulminant prism!!
The blast of energy engulfs the death yak.
There is a stone staircase leading up, spattered with blood here.
Aim: a death yak (severely wounded)
The mass of ice explodes!
The iceblast engulfs the death yak!
Aim: a death yak (almost dead)
The mass of ice explodes!
The iceblast engulfs the death yak.
Aim: a death yak (almost dead)
The mass of ice explodes!
The iceblast engulfs the death yak!
You kill the death yak!
Your Stealth skill increases to level 14!
You climb upwards.
Level annotation: exclusion: downstairs
There is a stone staircase leading down here.
You start resting.
MP restored: 17
Things that are here:
+0 acid dragon scales; a +0 scimitar
There is a stone staircase leading down, spattered with blood here.
You climb downwards.
There is a stone staircase leading up here.
There is an open door here.
You conjure a prism of explosive energy!
The death yak bellows!
A fulminant prism comes into view.
You now have 13/17 mp.
Your fulminant prism crackles loudly.
The death yak gores your fulminant prism!!
The blast of energy engulfs the death yak!
You conjure a prism of explosive energy!
A fulminant prism comes into view.
You now have 10/17 mp.
Your fulminant prism crackles loudly.
The blast of energy engulfs the death yak!!
You hear a bellow!
You conjure a prism of explosive energy!
A fulminant prism comes into view.
You now have 8/17 mp.
Your fulminant prism crackles loudly.
The blast of energy engulfs the death yak!
The blast of energy engulfs you!
You take 13 damage, and have 56/69 hp.
There is an open door here.
The death yak closely misses you. The death yak gores you!!
You take 18 damage, and have 39/69 hp.
MASSIVE DAMAGE!!
There is a stone staircase leading up here.
You erupt in a blast of force!
The mystic blast hits the death yak.
The death yak is knocked back by the mystic blast.
The mystic blast hits the death yak!
The death yak gores you!!
* * * LOW HITPOINT WARNING * * *
You take 26 damage, and have 13/69 hp.
MASSIVE DAMAGE!!
You now have 7/17 mp.
You erupt in a blast of force!
The mystic blast hits the death yak.
The death yak gores you but does no damage.
You now have 4/17 mp.
You erupt in a blast of force!
The mystic blast hits the death yak!
The death yak is knocked back by the mystic blast.
The death yak slams into the rock wall!
The mystic blast hits the death yak but does no damage.
The death yak gores you!!
You die...
Your body crumbles into a pile of gold.

#..........#.###.## #..
#..........#......# #.###
#..[.......#####..####.##.
#.........)..........#.##.
#########'####P##..#.#....
########.#Y##..##.#.#..##
#..........#_..P#......#
#......)Y..#....#..##..#
#....>..@..._.⌠........#
#......[........#..#...#
#...)......P_...#......#
#.......[...#..###..#.##
#............#.P##.Y#.##
#.............#####....##
#.............# #......
#.............# ####....#
#.............# #....>..Y


You could see 2 death yaks.

Vanquished Creatures
  Gastronok (D:9)
  4 death yaks (D:9)
  Pikel (D:7)
  Maggie (D:8)
  2 shadows
  2 wyverns (D:9)
  3 yaks (D:7)
  Grum (D:9)
  2 acid dragons
  4 water moccasins
  2 orc warriors
  2 necrophages
  3 sky beasts
  2 ogres
  2 wolves (D:8)
  2 centaurs (D:6)
  2 lemures (D:7)
  A phantom (D:6)
  6 scorpions
  A bullfrog (D:7)
  A gnoll sergeant (D:8)
  A wyvern zombie (D:8)
  4 killer bees (D:9)
  2 electric eels (D:8)
  A centaur zombie (D:6)
  2 hounds
  A centaur skeleton (D:7)
  A jelly (D:5)
  A bullfrog skeleton (D:6)
  4 orc priests
  2 iguanas
  4 orc wizards
  A scorpion zombie (D:5)
  A howler monkey zombie (D:9)
  3 gnolls (D:8)
  4 adders
  A howler monkey skeleton (D:6)
  A shadow imp (D:8)
  2 white imps
  A worm (D:4)
  3 dart slugs
  18 orcs
  8 endoplasms
  A giant cockroach (D:3)
  2 goblins
  4 hobgoblins
  4 jackals (D:4)
  5 kobolds
  5 quokkas
  4 ball pythons
  4 bats
  4 frilled lizards
  2 rats
146 creatures vanquished.

Vanquished Creatures (others)
  38 fulminant prisms
  7 plants
45 creatures vanquished.

Grand Total: 191 creatures vanquished

Notes
Turn   | Place    | Note
-------+----------+-------------------------------------------
     0 | D:1      | sokol815 the Octopode Conjurer began the quest for the Orb.
     0 | D:1      | Reached XP level 1. HP: 11/11 MP: 3/3
   219 | D:1      | Reached XP level 2. HP: 16/17 MP: 0/5
   369 | D:1      | Learned a level 2 spell: Searing Ray
  1225 | D:1      | Reached XP level 3. HP: 21/21 MP: 3/6
  1464 | D:2      | Noticed an eye of devastation
  1466 | D:2      | Noticed a great orb of eyes
  1469 | D:2      | Found a faded altar of an unknown god.
  1471 | D:2      | Noticed an eye of devastation
  1477 | D:2      | Noticed a shining eye
  1551 | D:2      | Reached skill level 5 in Conjurations
  1909 | D:3      | Reached XP level 4. HP: 27/27 MP: 0/7
  1996 | D:3      | Found a radiant altar of Vehumet.
  1997 | D:3      | Found a sacrificial altar of Ru.
  2159 | D:3      | Found a shimmering blue altar of Sif Muna.
  2553 | D:3      | Reached skill level 6 in Conjurations
  2762 | D:4      | Noticed a scorpion
  2773 | D:4      | Killed a scorpion
  2774 | D:4      | Reached XP level 5. HP: 31/31 MP: 0/8
  2863 | D:4      | Found a staircase to the Ecumenical Temple.
  2875 | Temple   | Entered the Ecumenical Temple
  2921 | Temple   | Became a worshipper of Gozag Ym Sagoz the Greedy
  2968 | D:4      | Found Kiapasche's General Store.
  3581 | D:4      | Noticed an ogre
  3586 | D:4      | Killed an ogre
  3587 | D:4      | Reached skill level 7 in Conjurations
  3587 | D:4      | Reached XP level 6. HP: 36/36 MP: 3/9
  3787 | D:5      | Entered Level 5 of the Dungeon
  4024 | D:5      | Reached skill level 8 in Conjurations
  4024 | D:5      | Reached skill level 4 in Stealth
  4024 | D:5      | Reached XP level 7. HP: 41/41 MP: 6/10
  4029 | D:5      | Learned a level 4 spell: Iskenderun's Mystic Blast
  4107 | D:5      | Reached skill level 5 in Stealth
  4206 | D:5      | Reached skill level 1 in Translocations
  4722 | D:6      | Reached skill level 2 in Translocations
  4737 | D:6      | Reached skill level 3 in Spellcasting
  4737 | D:6      | Reached XP level 8. HP: 32/46 MP: 4/12
  4937 | D:6      | Reached skill level 3 in Translocations
  4964 | D:6      | Noticed a shadow
  5282 | D:6      | Killed a shadow
  5283 | D:6      | Reached skill level 4 in Spellcasting
  5283 | D:6      | Reached skill level 9 in Conjurations
  5283 | D:6      | Reached skill level 4 in Translocations
  5657 | D:7      | Reached skill level 5 in Translocations
  5657 | D:7      | Reached XP level 9. HP: 42/51 MP: 10/15
  5815 | D:7      | Reached skill level 10 in Conjurations
  5934 | D:7      | Reached skill level 1 in Fighting
  5947 | D:7      | Reached skill level 2 in Fighting
  5947 | D:7      | Reached skill level 3 in Dodging
  5947 | D:7      | Reached skill level 6 in Stealth
  6113 | D:7      | Noticed Pikel
  6126 | D:7      | Killed Pikel
  6127 | D:7      | Reached skill level 3 in Fighting
  6127 | D:7      | Reached skill level 4 in Dodging
  6127 | D:7      | Reached skill level 7 in Stealth
  7056 | D:8      | Reached XP level 10. HP: 63/63 MP: 12/16
  7066 | D:8      | Reached skill level 4 in Fighting
  7153 | D:8      | Learned a level 3 spell: Dazzling Flash
  7158 | D:8      | Learned a level 4 spell: Fulminant Prism
  7736 | D:8      | Reached skill level 1 in Hexes
  7752 | D:8      | Reached skill level 2 in Hexes
  7982 | D:9      | Found an ornate altar of the Wu Jian Council.
  7982 | D:9      | Found a hide-covered altar of Uskayaw.
  8041 | D:8      | Bought a +2 dagger of electrocution for 170 gold pieces
  8147 | D:9      | Found a blossoming altar of Fedhas.
  8207 | D:9      | Reached skill level 3 in Hexes
  8279 | D:9      | Found a basalt altar of Yredelemnul.
  8299 | D:9      | Noticed Maggie
  8392 | D:9      | Noticed a death yak
  8392 | D:9      | Noticed Gastronok
  8392 | D:9      | Noticed a death yak
  8464 | D:9      | Reached skill level 4 in Hexes
  8471 | D:9      | Noticed a death yak
  8576 | D:9      | Found a staircase to the Lair.
  8578 | D:9      | Noticed Grum
  8666 | D:9      | Noticed a death yak
  8666 | D:9      | Noticed a death yak
  8821 | D:9      | Reached skill level 5 in Hexes
  9154 | D:9      | Noticed a death yak
  9235 | D:9      | Killed Grum
  9318 | D:9      | Identified the +6 falchion "Vetof" {vorpal, *Slow rElec
                  | rCorr Dex-3}
  9505 | D:9      | Killed Gastronok
  9506 | D:9      | Reached skill level 6 in Hexes
  9506 | D:9      | Reached skill level 10 in Stealth
  9506 | D:9      | Reached skill level 11 in Stealth
  9700 | D:9      | Killed a death yak
  9701 | D:9      | Reached skill level 12 in Stealth
  9701 | D:9      | Reached XP level 11. HP: 69/69 MP: 1/17
  9709 | D:9      | Killed a death yak
  9710 | D:9      | Reached skill level 13 in Stealth
  9807 | D:9      | Killed a death yak
  9880 | D:8      | Killed Maggie
 10073 | D:9      | Killed a death yak
 10074 | D:9      | Reached skill level 14 in Stealth
 10148 | D:9      | HP: 13/69 [death yak (27)]
 10150 | D:9      | Mangled by a death yak

Illustrated notes

Levels and vault maps discovered:
D:1:      onia_arrival_pentagram, layout_basic, solitary_fountain, st_stairs_4
D:2:      layout_rooms, hellmonk_ecumenical_altar_watching_god
D:3:      layout_basic, kennysheep_orc_sif_temple,
          gammafunk_temple_overflow_pools
D:4:      layout_basic, minmay_temple_entry_large_hall, serial_shops, shop
D:5:      layout_basic
D:6:      layout_rooms, chequers_serial_rivers_micro_a,
          hangedman_decor_peaks_small, kb_lookout_dungeons_type,
          serial_bayou_pond_b, chequers_serial_rivers_marsh
D:7:      layout_basic, st_stairs_6, uniq_pikel
D:8:      layout_basic
D:9:      layout_basic, nicolae_overflow_crystal_walls,
          gammafunk_temple_overflow_forgotten, dpeg_lair_monsters,
          hangedman_weighted_door, uniq_gastronok, uniq_maggie, uniq_grum
Temple:   grunt_temple_mini_profane

Skill      XL: |  1  2  3  4  5  6  7  8  9 10 11 |
---------------+----------------------------------+-----
Conjurations   | 5 6 7 8 9 10 | 10.0
Stealth        | 4 5 7 12 14 | 14.2
Translocations | 2 5 |  5.3
Spellcasting   | 3 4 |  4.0
Fighting       | 3 4 |  4.0
Dodging        | 4 |  4.6
Hexes          | 6 |  6.0

Action                   |  1- 3 |  4- 6 |  7- 9 | 10-12 || total
-------------------------+-------+-------+-------+-------++-------
Melee: Tentacles         |     1 |     2 |     3 |       ||     6
       Constrict         |     1 |     2 |     1 |       ||     4
       Unarmed           |     1 |       |       |       ||     1
       Short sword       |       |     3 |       |       ||     3
       Dagger            |       |       |     4 |     2 ||     6
Throw: Dart              |       |       |       |    16 ||    16
       Javelin           |       |       |       |     2 ||     2
 Cast: Magic Dart        |    46 |    37 |    26 |     7 ||   116
       Searing Ray       |     3 |    15 |    43 |    27 ||    88
       Iskenderun's Myst |       |       |     3 |    24 ||    27
       Fulminant Prism   |       |       |       |    38 ||    38
Invok: Call Merchant     |       |       |       |     1 ||     1
Evoke: Wand              |       |       |       |     3 ||     3
  Use: Scroll            |       |     3 |     2 |    10 ||    15
 Stab: Sleeping          |       |       |       |     1 ||     1
Armor: Skin              |       |       |       |     3 ||     3
Dodge: Dodged            |     5 |     1 |    21 |    25 ||    52

Table legend: (Time is in decaauts)
 A = Elapsed time spent in this place.
 B = Non-inter-level travel time spent in this place.
 C = Inter-level travel time spent in this place.
 D = Time resting spent in this place.
 E = Time spent auto-exploring this place.
 F = Levels seen in this place.
 G = Mean time per level.
                   A        B        C        D        E       F      G
               +--------+--------+--------+--------+--------+-----+--------+
         Total |  10234 |   9803 |    431 |   1761 |   6217 |  10 | 1023.4 |
       Dungeon |  10164 |   9757 |    407 |   1761 |   6175 |   9 | 1129.3 |
        Temple |     70 |     46 |     24 |      0 |     42 |   1 |   70.0 |
               +--------+--------+--------+--------+--------+-----+--------+

Top non-repeatable levels by time:
     D:8: 2246 daAuts
     D:7: 1403 daAuts
     D:9: 1279 daAuts
     D:1: 1261 daAuts
     D:4: 1023 daAuts
     D:5: 880 daAuts
     D:3: 867 daAuts
     D:6: 639 daAuts
     D:2: 562 daAuts
  Temple: 70 daAuts

Table legend:
 A = Kills in this place as a percentage of kills in entire the game.
 B = Kills by you in this place as a percentage of kills by you in the entire game.
 C = Kills by friends in this place as a percentage of kills by friends in the entire game.
 D = Other kills in this place as a percentage of other kills in the entire game.
 E = Experience gained in this place as a percentage of experience gained in the entire game.
 F = Experience gained in this place divided by the number of levels of this place that you have seen.
                   A       B       C       D       E      F
               +-------+-------+-------+-------+-------+----------------------
         Total | 100.0 | 100.0 |   N/A |   N/A | 100.0 | 1313.1
       Dungeon | 100.0 | 100.0 |   N/A |   N/A | 100.0 | 1459.0
               +-------+-------+-------+-------+-------+----------------------
